Map: Dash and Terminal LE (Void)

Players

wabbajack

  • Race: Zerg Zerg
  • League: Gold

BadComapaY - Winner!

  • Race: Protoss Protoss
  • League: Bronze

VOD

Have the link to the VOD?

Description

Time

  • Played on: July 20, 2015, 1:42 p.m.
  • Length: 2:26
Show
View Real Time Build Order
Export as new Build Order

wabbajack Zerg 

Build Orders: Hatch First 

Get SALT Encoding   

  12  0:01  Drone  
  13  0:14  Overlord  
  13  0:18  Drone  
  14  0:27  Drone, Extractor  
  15  0:33  Drone  
  16  0:38  Drone  
  17  0:57  Hatchery  
  17  0:59  Extractor  
  15  1:10  Extractor  
  14  1:14  Drone x2  
  14  1:16  Drone  
  17  1:29  Spawning Pool  
Show
View Real Time Build Order
Export as new Build Order

BadComapaY Protoss - Winner!

Build Orders:  

Get SALT Encoding   

  12  0:02  Probe  
  13  0:22  Probe  
  13  0:24  Pylon  
  15  0:42  Probe  
  15  0:49  Forge  
  15  0:52  Gateway  
  15  0:57  Pylon  
  15  1:07  Probe (Chrono Boost)  
  16  1:18  Probe (Chrono Boost)  
  17  1:25  Pylon  
  17  1:30  Pylon  
  17  1:45  Photon Cannon  
  16  2:00  Photon Cannon  
Tags
 
Add a new tag
Caveats
  • Supply blocks, unpowered buildings, or Contaminate may cause inaccurate times.
  • Supply counts are checked every 10 seconds.